 Dungeon Crawl Stone Soup version 0.26-a0-597-gb535b0901c (webtiles) character file.

Game seed: 8300551684307462376

218 Lanoc the Sneak (level 5, -1/30 HPs)
             Began as a Vine Stalker Delver on Aug 28, 2020.
             Was a Follower of Vehumet.
             Slain by a jackal (2 damage)
             ... on level 5 of the Dungeon.
             The game lasted 00:02:08 (1255 turns).

Lanoc the Sneak (Vine Stalker Delver)               Turns: 1255, Time: 00:02:08

Health: -1/30      AC: -1    Str: 15    XL:     5   Next: 95%
Magic:  0/6        EV: 13    Int: 10    God:    Vehumet [*.....]
Gold:   90         SH:  0    Dex: 16    Spells: 3/4 levels left

rFire    . . .     SeeInvis .   j - +2 hand axe (freeze)
rCold    . . .     Faith    .   (no shield)
rNeg     . . .     Spirit   +   b - +0 leather armour
rPois    .         Reflect  .   (no helmet)
rElec    .         Harm     .   (no cloak)
rCorr    .                      (no gloves)
MR       .....                  (no boots)
Stlth    ++++......             k - amulet of magic regeneration
HPRegen  0.50/turn              i - ring of stealth
MPRegen  0.35/turn              m - -4 ring of protection (curse)

@: no status effects
A: fangs 2, regeneration 1, magic shield, antimagic bite, no potion heal 3, rot
immunity
a: Renounce Religion


You were on level 5 of the Dungeon.
You worshipped Vehumet.
Vehumet was aware of your devotion.
You visited 1 branch of the dungeon, and saw 3 of its levels.

You collected 90 gold pieces.

Inventory:

Hand Weapons
 j - a +2 hand axe of freezing (weapon)
Armour
 b - a +0 leather armour (worn)
Jewellery
 i - a ring of stealth (left hand)
 k - an amulet of magic regeneration (around neck)
 m - a cursed -4 ring of protection (right hand)
Wands
 g - a wand of digging (3)
Scrolls
 a - a scroll of blinking {unknown}
 c - a scroll of fog
 d - a scroll of magic mapping
 e - a scroll of fear
 h - 3 scrolls of identify {unknown}
 l - a scroll of enchant armour {unknown}
 n - 2 scrolls of remove curse {unknown}
Potions
 f - a potion of haste


   Skills:
 + Level 4.3 Fighting
   Level 1.7 Long Blades
 + Level 3.4 Dodging
 - Level 6.0 Stealth
 * Level 1.5 Conjurations


You had 3 spell levels left.
You knew the following spells:

 Your Spells              Type           Power        Failure   Level
a - Magic Dart            Conj           #...         26%         1

Your spell library contained the following spells:

 Spells                   Type           Power        Failure   Level


Dungeon Overview and Level Annotations

Branches:
Dungeon (5/15)
 Temple: D:4-7

Altars:
Vehumet


Innate Abilities, Weirdness & Mutations

You have extremely sharp teeth.
Your natural rate of healing is unusually fast.
When hurt, damage is shared between your health and your magic reserves.
Your bite disrupts and absorbs the magic of your enemies.
Potions cannot restore your health.
You are immune to rotting.


Message History

You hit the jackal but do no damage. The jackal bites you.
The jackal barely misses you. x2; The jackal bites you.
You slash the jackal! You freeze the jackal.
You kill the jackal!
Vehumet accepts your kill.
You hit the ogre. You freeze the ogre. You hit the jackal but do no damage.
The jackal misses you. The ogre hits you but does no damage.
You hit the ogre. You freeze the ogre. You bite the ogre. You drain its power.
The ogre is severely wounded.
You barely miss the jackal. The jackal misses you.
The jackal barely misses you.
The ogre hits you with a +0 giant spiked club!!
Ouch! That really hurt!
* * * LOW HITPOINT WARNING * * *
You slash the ogre! You freeze the ogre. You bite the ogre, but do no damage.
The ogre is almost dead.
You hit the jackal but do no damage. The jackal bites you.
* * * LOW HITPOINT WARNING * * *
The jackal bites you.
You die...

#.... #. ### .. ##....
.##.##.###.. # .#.....
......#... .. .......
#......# .. .......
#.....##.##. .......
####...........
......h##.#............
#.....†@......<.......#
#...(.O...##/..........
#<......##...........#.
##########...........#
#......#.....#
#......#.......
#........####.#
#...##..## .# ##.. ##..


You could see an ogre and a jackal.

Vanquished Creatures
  A bullfrog skeleton (D:4)
  A hound (D:4)
  A centaur skeleton (D:4)
  A worker ant (D:4)
  4 gnolls (D:3)
  3 adders (D:3)
  An adder zombie (D:5)
  A leopard gecko (D:3)
  8 orcs
  A ball python (D:3)
  A goblin (D:3)
  3 jackals (D:5)
  3 quokkas
  A bat (D:3)
  A frilled lizard (D:3)
  A jackal skeleton (D:5)
  2 kobolds (D:3)
  A leopard gecko skeleton (D:4)
  A quokka skeleton (D:4)
  A rat (D:3)
37 creatures vanquished.

Notes
Turn   | Place    | Note
-------+----------+-------------------------------------------
     0 | D:5      | Lanoc the Vine Stalker Delver began the quest for the Orb.
     0 | D:5      | Reached XP level 1. HP: 11/11 MP: 2/2
    35 | D:4      | Found a radiant altar of Vehumet.
    43 | D:4      | Reached XP level 2. HP: 15/16 MP: 1/3
    43 | D:4      | Reached XP level 3. HP: 18/20 MP: 1/4
    48 | D:4      | Became a worshipper of Vehumet
   190 | D:4      | Gained mutation: Your natural rate of healing is unusually
                  | fast. [Vine Stalker growth]
   190 | D:4      | Reached XP level 4. HP: 10/25 MP: 5/5
   530 | D:3      | Reached XP level 5. HP: 29/29 MP: 6/6
   877 | D:3      | Reached * piety under Vehumet
   877 | D:3      | Offered knowledge of Magic Dart by Vehumet.
   880 | D:3      | Learned a level 1 spell: Magic Dart
   904 | D:3      | Reached skill level 1 in Conjurations
  1246 | D:5      | Noticed an ogre
  1255 | D:5      | HP: 1/30 [jackal (1)]
  1255 | D:5      | Slain by a jackal

Illustrated notes

Levels and vault maps discovered:
D:3:      layout_basic, grunt_ministairs_6
D:4:      layout_loops_ring, vehumet_crystals
D:5:      layout_cave_pools, eat_drink_and_be_merry_uskayaw,
          grunt_temple_overflow_open, uniq_ijyb, uniq_crazy_yiuf_cottage

Skill      XL: |  1  2  3  4  5 |
---------------+----------------+-----
Fighting       | 3 4 |  4.3
Dodging        | 2 3 |  3.4
Conjurations   | 1 |  1.5
Long Blades    | |  1.7
Stealth        | |  6.0

Action                   |  1- 3 |  4- 6 || total
-------------------------+-------+-------++-------
Melee: Falchion          |    17 |    20 ||    37
       Bite              |    12 |    20 ||    32
       Hand axe          |       |    56 ||    56
 Stab: Sleeping          |       |    13 ||    13
       Distracted        |       |     1 ||     1
Armor: Leather armour    |     2 |     5 ||     7
Dodge: Dodged            |    15 |    73 ||    88
       Rpst.: Falchion   |     6 |     6 ||    12

Table legend: (Time is in decaauts)
 A = Elapsed time spent in this place.
 B = Non-inter-level travel time spent in this place.
 C = Inter-level travel time spent in this place.
 D = Time resting spent in this place.
 E = Time spent auto-exploring this place.
 F = Levels seen in this place.
 G = Mean time per level.
                   A        B        C        D        E       F      G
               +--------+--------+--------+--------+--------+-----+--------+
         Total |   1278 |   1225 |     53 |      0 |    944 |   3 |  426.0 |
       Dungeon |   1278 |   1225 |     53 |      0 |    944 |   3 |  426.0 |
               +--------+--------+--------+--------+--------+-----+--------+

Top non-repeatable levels by time:
     D:4: 734 daAuts
     D:3: 478 daAuts
     D:5: 65 daAuts
